Workbook

Sheet Hypothèses
A1: DONNÉES SYNTHÉTIQUES — aucun bien réel. Généré par analysis/python/cases/make_spreadsheets.py
A2: Cas 3 — 12 logements à Montréal : capitalisation, DCF et financement (chapitres 28-31, 47)
A4: Taux d'inoccupation et pertes | B4: 0.039
A5: Croissance loyers contractuels (TAL) | B5: 0.031
A6: Croissance loyers de marché | B6: 0.035
A7: Rotation annuelle | B7: 0.15
A8: Croissance des dépenses | B8: 0.03
A9: Taux d'actualisation | B9: 0.0725
A10: Taux terminal | B10: 0.05
A11: Coûts de vente | B11: 0.025
A12: Taux de capitalisation retenu (médiane extraite) | B12: 0.04415
A13: RPV max | B13: 0.75
A14: Taux hypothécaire (nominal, semestriel) | B14: 0.0412
A15: Amortissement (mois) | B15: 480
A16: RCD minimal | B16: 1.2

Sheet État locatif
A1: DONNÉES SYNTHÉTIQUES — aucun bien réel. Généré par analysis/python/cases/make_spreadsheets.py
A3: Logement | B3: Pièces | C3: Chambres | D3: Superficie (m²) | E3: Loyer contrat ($/mois) | F3: Loyer marché ($/mois) | G3: Écart ($/mois) | H3: Locataire depuis
A4: 101 | B4: 3½ | C4: 1 | D4: 55 | E4: 917 | F4: 1015 | G4: =F4-E4 | H4: 2021
A5: 102 | B5: 3½ | C5: 1 | D5: 52 | E5: 788 | F5: 1004 | G5: =F5-E5 | H5: 2014
A6: 103 | B6: 3½ | C6: 1 | D6: 51 | E6: 728 | F6: 1047 | G6: =F6-E6 | H6: 2008
A7: 104 | B7: 3½ | C7: 1 | D7: 49 | E7: 1068 | F7: 1090 | G7: =F7-E7 | H7: 2025
A8: 201 | B8: 4½ | C8: 2 | D8: 73 | E8: 1144 | F8: 1345 | G8: =F8-E8 | H8: 2018
A9: 202 | B9: 4½ | C9: 2 | D9: 68 | E9: 1191 | F9: 1240 | G9: =F9-E9 | H9: 2024
A10: 203 | B10: 4½ | C10: 2 | D10: 70 | E10: 1167 | F10: 1372 | G10: =F10-E10 | H10: 2018
A11: 204 | B11: 4½ | C11: 2 | D11: 71 | E11: 1064 | F11: 1251 | G11: =F11-E11 | H11: 2018
A12: 301 | B12: 4½ | C12: 2 | D12: 75 | E12: 1328 | F12: 1356 | G12: =F12-E12 | H12: 2025
A13: 302 | B13: 4½ | C13: 2 | D13: 72 | E13: 1258 | F13: 1478 | G13: =F13-E13 | H13: 2018
A14: 303 | B14: 5½ | C14: 3 | D14: 96 | E14: 1526 | F14: 1622 | G14: =F14-E14 | H14: 2023
A15: 304 | B15: 5½ | C15: 3 | D15: 93 | E15: 1616 | F15: 1683 | G15: =F15-E15 | H15: 2024
A16: Total mensuel | E16: =SUM(E4:E15) | F16: =SUM(F4:F15) | G16: =SUM(G4:G15)
A17: RBP annuel (contrat) | E17: =E16*12 | F17: =F16*12

Sheet Dépenses et RNE
A1: DONNÉES SYNTHÉTIQUES — aucun bien réel. Généré par analysis/python/cases/make_spreadsheets.py
A3: Poste | B3: Historique 2025 ($) | C3: Normalisé ($) | D3: Type
A4: Taxes municipales | B4: 10631 | C4: 10188.2 | D4: fixe
A5: Taxe scolaire | B5: 1744 | C5: 1737.78 | D5: fixe
A6: Assurances | B6: 11060 | C6: 11391.8 | D6: fixe
A7: Électricité (aires communes) | B7: 4260 | C7: 4387.8 | D7: variable
A8: Chauffage (aires communes, gaz) | B8: 2892 | C8: 2978.76 | D8: variable
A9: Eau et égouts (taxe) | B9: 0 | C9: 0 | D9: variable
A10: Entretien et réparations | B10: 11403 | C10: 11745.09 | D10: variable
A11: Conciergerie | B11: 9844 | C11: 10139.32 | D11: variable
A12: Déneigement et paysagement | B12: 6686 | C12: 6886.58 | D12: variable
A13: Frais juridiques et comptables | B13: 2751 | C13: 2833.53 | D13: variable
A14: Publicité et location | B14: 1319 | C14: 1358.57 | D14: variable
A15: Réserve de remplacement (par logement) | B15: 8103 | C15: 8103 | D15: réserve
A16: Gestion (4 % du RBE) | C16: 6737.76 | D16: variable
A18: RBP (contrat) | C18: ='État locatif'!$E$17
A19: Autres revenus | C19: 9360
A20: Inoccupation et pertes | C20: =-C18*Hypothèses!$B$4
A21: RBE | C21: =C18+C19+C20
A22: Dépenses totales (réserve incluse) | C22: =SUM(C4:C16)
A23: RNE | C23: =C21-C22
A24: Ratio de dépenses | C24: =C22/C21
A26: Valeur par capitalisation directe (RNE année 1 / R) | C26: ='DCF'!C5/Hypothèses!$B$12

Sheet DCF
A1: DONNÉES SYNTHÉTIQUES — aucun bien réel. Généré par analysis/python/cases/make_spreadsheets.py
A3: Année | B3: RBP ($) | C3: RNE ($) | D3: CAPEX ($) | E3: Flux avant dette ($) | F3: Facteur d'actualisation | G3: VA ($)
A4: 1 | B4: 165540 | C4: 89955.75 | D4: 0 | E4: =C4-D4 | F4: =1/(1+Hypothèses!$B$9)^A4 | G4: =E4*F4
A5: 2 | B5: 177389.21 | C5: 99512.09 | D5: 85000 | E5: =C5-D5 | F5: =1/(1+Hypothèses!$B$9)^A5 | G5: =E5*F5
A6: 3 | B6: 188094.86 | C6: 107914.54 | D6: 0 | E6: =C6-D6 | F6: =1/(1+Hypothèses!$B$9)^A6 | G6: =E6*F6
A7: 4 | B7: 199952.89 | C7: 117367.86 | D7: 40000 | E7: =C7-D7 | F7: =1/(1+Hypothèses!$B$9)^A7 | G7: =E7*F7
A8: 5 | B8: 209339.91 | C8: 124388.26 | D8: 0 | E8: =C8-D8 | F8: =1/(1+Hypothèses!$B$9)^A8 | G8: =E8*F8
A9: 6 | B9: 218249.81 | C9: 130890.15 | D9: 0 | E9: =C9-D9 | F9: =1/(1+Hypothèses!$B$9)^A9 | G9: =E9*F9
A10: 7 | B10: 226564.79 | C10: 136758.5 | D10: 120000 | E10: =C10-D10 | F10: =1/(1+Hypothèses!$B$9)^A10 | G10: =E10*F10
A11: 8 | B11: 234307.43 | C11: 142013.16 | D11: 0 | E11: =C11-D11 | F11: =1/(1+Hypothèses!$B$9)^A11 | G11: =E11*F11
A12: 9 | B12: 242513.03 | C12: 147647.14 | D12: 0 | E12: =C12-D12 | F12: =1/(1+Hypothèses!$B$9)^A12 | G12: =E12*F12
A13: 10 | B13: 251101.39 | C13: 153581.4 | D13: 0 | E13: =C13-D13 | F13: =1/(1+Hypothèses!$B$9)^A13 | G13: =E13*F13
A14: 11 | B14: 259910.64 | C14: 159658.38 | D14: 0 | E14: =C14-D14
A16: Valeur terminale brute = RNE(T+1)/R_T | G16: =C14/Hypothèses!$B$10
A17: Valeur terminale nette (après coûts de vente) | G17: =G16*(1-Hypothèses!$B$11)
A18: VA de la valeur terminale | G18: =G17*F13
A19: VA des flux (années 1 à T) | G19: =SUM(G4:G13)
A20: VALEUR DCF | G20: =G18+G19
A21: Part de la valeur terminale | G21: =G18/G20
A22: Contrôle : valeur calculée par traite.cas3 = 2208566 $

Sheet Financement
A1: DONNÉES SYNTHÉTIQUES — aucun bien réel. Généré par analysis/python/cases/make_spreadsheets.py
A3: Valeur retenue (DCF) | B3: ='DCF'!G20
A4: RNE année 1 | B4: ='DCF'!C4
A5: Taux mensuel équivalent (composition semestrielle) | B5: =(1+Hypothèses!$B$14/2)^(1/6)-1
A6: Constante hypothécaire annuelle f | B6: =12*B5/(1-(1+B5)^(-Hypothèses!$B$15))
A7: Prêt max par RPV | B7: =B3*Hypothèses!$B$13
A8: Prêt max par RCD | B8: =B4/Hypothèses!$B$16/B6
A9: Prêt retenu (le plus faible) | B9: =MIN(B7,B8)
A10: Service de la dette annuel | B10: =B9*B6
A11: RCD | B11: =B4/B10
A12: RPV | B12: =B9/B3
A13: Mise de fonds | B13: =B3-B9
A14: Contrôle : prêt calculé par traite.cas3 = 1475959 $ (RCD)
